 Dungeon Crawl Stone Soup version 0.22.1-2-g9c5b331 (webtiles) character file.

67 Labyrinth the Firebug (level 3, -5/27 HPs)
             Began as a Draconian Fire Elementalist on Nov 21, 2018.
             Slain by a gnoll
             ... wielding a +2 spear of freezing
              (12 damage)
             ... on level 2 of the Dungeon.
             The game lasted 00:09:14 (1236 turns).

Labyrinth the Firebug (Draconian Fire Elementalist) Turns: 1236, Time: 00:09:15

Health: -5/27      AC:  7    Str: 11    XL:     3   Next: 98%
Magic:  4/6        EV: 16    Int: 15    God:
Gold:   116        SH:  0    Dex: 11    Spells: 0/6 levels left

rFire    . . .     SeeInvis .   k - +3 quarterstaff (chaos)
rCold    . . .     Gourm    .   (shield currently unavailable)
rNeg     . . .     Faith    .   (armour unavailable)
rPois    .         Spirit   .   (helmet restricted)
rElec    .         Reflect  .   l - +0 cloak
rCorr    .         Harm     .   (no gloves)
MR       .....                  s - +0 pair of boots
Stlth    ++........             (no amulet)
HPRegen  0.09/turn              c - +4 ring of evasion
MPRegen  0.10/turn              (no ring)

@: very slightly contaminated
A: unfitting armour, cold-blooded, AC +5
a: no special abilities


You were on level 2 of the Dungeon.
You were not hungry.

You visited 1 branch of the dungeon, and saw 2 of its levels.

You collected 116 gold pieces.

Inventory:

Hand Weapons
 a - a +0 club
 g - a +0 hunting sling
 k - a +3 quarterstaff of chaos (weapon)
 p - a +0 whip
 q - a cursed -1 rapier
 t - a +0 falchion
 u - a +0 mace
Missiles
 d - 33 stones (quivered)
 i - 45 arrows
Armour
 l - a +0 cloak (worn)
 s - a +0 pair of boots (worn)
Jewellery
 c - a +4 ring of evasion (left hand)
Scrolls
 f - a scroll of magic mapping
 n - a scroll of amnesia {unknown}
 r - a scroll of random uselessness {unknown}
Potions
 e - a potion of degeneration
 o - a potion of agility
 v - a potion of lignification {unknown}
Comestibles
 b - 2 rations
 h - a chunk of flesh


   Skills:
 + Level 0.5 Fighting
 + Level 0.9 Maces & Flails
 + Level 0.1 Slings
 + Level 1.9 Dodging
 + Level 2.2 Stealth
 + Level 2.3 Spellcasting
 + Level 1.4 Conjurations
 + Level 3.8 Fire Magic


You couldn't memorise any spells.
You knew the following spells:

 Your Spells              Type           Power        Failure   Level  Hunger
a - Flame Tongue          Conj/Fire      #....        8%          1    #......
b - Throw Flame           Conj/Fire      #.....       11%         2    ###....
c - Conjure Flame         Conj/Fire      #.......     22%         3    ###....

Your spell library contained the following spells:

 Spells                   Type           Power        Failure   Level  Hunger
 Inner Flame              Hex/Fire       #.......     28%         3    ###....
 Sticky Flame             Conj/Fire      #.......     58%         4    #####..
 Fireball                 Conj/Fire      #.........   90%         5    ######.


Dungeon Overview and Level Annotations

Branches:
Dungeon (2/15)

Altars:
Nemelex Xobeh


Innate Abilities, Weirdness & Mutations

Your plain brown scales are hard. (AC +5)
You cannot fit into any form of body armour.
You are cold-blooded and may be slowed by cold attacks.


Message History

Press: ? - help, Dir - move target cursor, f - gnoll
Aim: a gnoll, wielding a whip of electrocution You can't place the cloud on a creature.
There is an open door, spattered with blood here.
Casting: Conjure Flame (safe; 22% risk of failure)
Confirm with . or Enter, or press ? or * to list all spells.
Aiming: Flame Tongue (safe; 8% risk of failure)
Press: ? - help, Shift-Dir - straight line, f/p - gnoll
Aim: a gnoll, wielding a whip of electrocution The flame tongue hits the gnoll.
The gnoll appears unharmed.
Casting: Flame Tongue (safe; 8% risk of failure)
Confirm with . or Enter, or press ? or * to list all spells.
Aiming: Flame Tongue (safe; 8% risk of failure)
Press: ? - help, Shift-Dir - straight line, f/p - gnoll
Aim: a gnoll, wielding a whip of electrocution The flame tongue hits the gnoll.
The gnoll is heavily wounded.
The gnoll hits you but does no damage.
The gnoll hits you from afar with a spear of freezing!
You die...

####.......#
#..g.#
..##.......#
##...#
..##...###.#
##.##
..##...# #.#
##.# ..##...#
#.# #.##
..####.###.#
##g# ..#
#..##.# #g##
..#####.##.#
##g##
.........#[#
#.@.#
.......#.#.#
#...#
.......#...#
#)..#
.......#...#
#####
.......#...#
.......#.#>#
.........###
.......###
.......######


You could see 3 gnolls.

Vanquished Creatures
  Crazy Yiuf (D:2)
  An adder (D:2)
  A leopard gecko (D:2)
  3 giant cockroaches
  3 hobgoblins
  2 jackals (D:2)
  A kobold (D:2)
  A quokka (D:2)
  4 bats
  A frilled lizard (D:1)
  6 goblins
  3 rats
27 creatures vanquished.

Notes
Turn   | Place    | Note
-------+----------+-------------------------------------------
     0 | D:1      | Labyrinth the Draconian Fire Elementalist began the quest
                  | for the Orb.
     0 | D:1      | Reached XP level 1. HP: 14/14 MP: 3/3
   381 | D:1      | Reached XP level 2. HP: 20/20 MP: 3/5
   385 | D:1      | Learned a level 2 spell: Throw Flame
   756 | D:2      | Found a sparkling altar of Nemelex Xobeh.
   843 | D:2      | Reached XP level 3. HP: 25/26 MP: 1/6
   850 | D:2      | Learned a level 3 spell: Conjure Flame
  1134 | D:2      | Found a runed door.
  1138 | D:2      | Noticed Crazy Yiuf
  1164 | D:2      | Killed Crazy Yiuf
  1236 | D:2      | Slain by a gnoll

Skill      XL: |  1  2 |
---------------+-------+-----
Stealth        | 2 |  2.2
Fighting       | |  0.5
Maces & Flails | |  0.9
Slings         | |  0.1
Dodging        | |  1.9
Spellcasting   | |  2.3
Conjurations   | |  1.4
Fire Magic     | |  3.8

Action                   || total
-------------------------++-------
Melee: Club              ||    35
       Tailslap          ||     4
       Mace              ||    11
 Fire: Hunting sling     ||     4
 Cast: Flame Tongue      ||    38
       Conjure Flame     ||     1
       Throw Flame       ||     1
  Use: Potion            ||     4
       Scroll            ||     2
 Stab: Invisible         ||     2
  Eat: Chunk             ||     2
Armor: Skin              ||    11
Dodge: Dodged            ||    49
